 Dungeon Crawl Stone Soup version 0.26-a0-665-gefeb406119 (webtiles) character file.

Game seed: 5135055989022382822

3455 robertstho the Grappler (level 9, -17/130 HPs)
             Began as a Troll Berserker on Oct 13, 2020.
             Was a High Priest of Trog.
             Demolished by a two-headed ogre
             ... wielding a cursed -3 giant club
              (26 damage)
             ... on level 8 of the Dungeon.
             The game lasted 00:08:29 (5348 turns).

robertstho the Grappler (Troll Berserker)           Turns: 5348, Time: 00:08:29

Health: -17/130    AC:  9    Str: 34    XL:     9   Next: 78%
Magic:  8/8        EV: 13    Int:  5    God:    Trog [*****.]
Gold:   507        SH:  8    Dex:  9    Spells: 8/8 levels left

rFire    . . .     SeeInvis .     - Unarmed
rCold    . . .     Faith    .   F - +0 kite shield
rNeg     . . .     Spirit   .   n - +1 animal skin
rPois    .         Reflect  .   (helmet restricted)
rElec    .         Harm     .   x - +1 cloak
rCorr    .         Rampage  .   (gloves unavailable)
MR       .....                  (boots unavailable)
Stlth    ..........             (no amulet)
HPRegen  0.71/turn              z - +4 ring of evasion
MPRegen  0.11/turn              t - +6 ring of strength

@: berserking, very quick
A: large, unfitting armour, claws 3, regeneration 1, shaggy fur 1, tough skin 3
a: Berserk, Trog's Hand, Brothers in Arms, Renounce Religion


You were on level 8 of the Dungeon.
You worshipped Trog.
Trog was extremely pleased with you.
You visited 1 branch of the dungeon, and saw 8 of its levels.
You also visited: Sewer.

You collected 507 gold pieces.

Inventory:

Hand Weapons
 D - the +11 mace of Bonye {flame, MR+ Int+2, unknown}
   (You found it on level 7 of the Dungeon)

   It has been specially enchanted to burn those struck by it, causing extra
   injury to most foes and up to half again as much damage against particularly
   susceptible opponents.
   It affects your intelligence (+2).
   It affects your resistance to hostile enchantments.
 E - a +4 quarterstaff of chaos
Armour
 n - a +1 animal skin (worn)
 x - a +1 cloak (worn)
 F - a +0 kite shield (worn)
Jewellery
 p - an uncursed ring of magical power
 s - an uncursed ring of magical power
 t - a +6 ring of strength (right claw)
 v - an uncursed amulet of magic regeneration
 z - a +4 ring of evasion (left claw)
 C - an uncursed ring of fire {unknown}
Wands
 m - a wand of digging (5)
 B - a wand of polymorph (13)
Scrolls
 a - 2 scrolls of random uselessness {unknown}
 b - 2 scrolls of magic mapping {unknown}
 e - 2 scrolls of immolation {unknown}
 f - 4 scrolls of remove curse
 g - 3 scrolls of fear {unknown}
 h - a scroll of noise {unknown}
 k - 10 scrolls of teleportation
 l - a scroll of enchant weapon {unknown}
 o - 3 scrolls of blinking
 q - 3 scrolls of enchant armour
 r - 2 scrolls of identify
 u - 2 scrolls of fog {unknown}
 y - 2 scrolls of amnesia {unknown}
Potions
 c - a potion of mutation {unknown}
 d - a potion of haste {unknown}
 i - 2 potions of curing {unknown}
 j - a potion of might {unknown}
 w - a potion of flight {unknown}
 A - a potion of degeneration {unknown}
 G - 2 potions of berserk rage {unknown}


   Skills:
 * Level 4.9 Fighting
 * Level 4.3 Armour
 * Level 6.8 Dodging
 + Level 1.1 Stealth
 + Level 9.2 Unarmed Combat


You had 8 spell levels left.
You didn't know any spells.
Your spell library was empty.

Dungeon Overview and Level Annotations

Branches:
Dungeon (8/15)             Temple (0/1) D:4           Sewer (visited)
   Lair: D:8-11

Altars:
Ashenzari
Dithmenos
Gozag
Hepliaklqana
Kikubaaqudgha
Makhleb
Okawaru
Qazlal
Ru
Sif Muna
Trog
Uskayaw
Vehumet
Wu Jian
Xom


Innate Abilities, Weirdness & Mutations

You are too large for most types of armour.
You have claws for hands.
Your natural rate of healing is unusually fast.
You are covered in fur. (AC +1)
You have extremely tough skin. (AC +3)


Message History

A red film seems to cover your vision as you go berserk!
You feel yourself moving faster!
You feel mighty!
The two-headed ogre completely misses you.
The two-headed ogre hits you with a +0 giant club!
* * * LOW HITPOINT WARNING * * *
You closely miss the two-headed ogre.
The two-headed ogre is lightly wounded.
You mangle the two-headed ogre!!
The two-headed ogre is severely wounded.
You block the two-headed ogre's attack.
The two-headed ogre hits you with a +0 giant club!!
* * * LOW HITPOINT WARNING * * *
You claw the two-headed ogre!
The two-headed ogre is almost dead.
You scratch the two-headed ogre but do no damage.
The two-headed ogre is almost dead.
You scratch the two-headed ogre.
The two-headed ogre is almost dead.
The two-headed ogre hits you with a cursed -3 giant club!!
You die...

####.......#....#..#.#.
#..........#.......#### #
.##....###...[(..## #.
..........###.###...####
...#..##..###.###....... .....
#.......#####.... ..... #......##
#..... ......##..###..# #.....
.....$O@..# .# ..>... .........##
.. #...[. .........# #. # #....
#.#...#### #.#####.... # #.).
..#.#. . .......## #....
..........#### .........##..[
......##......# .........##...
....(.....##.(.
..........#..............#...#...


You could see a two-headed ogre.

Vanquished Creatures
  Pikel (D:7)
  2 water moccasins (D:7)
  An orc warrior (D:7)
  2 sky beasts (D:5)
  A phantom (D:8)
  2 ogres
  7 centaurs
  A lemure (D:7)
  A big kobold (D:7)
  3 bullfrogs
  6 scorpions
  2 vampire bats (D:5)
  A howler monkey (D:5)
  Crazy Yiuf (D:7)
  A hound (D:7)
  A gnoll shaman (D:6)
  An orc priest (D:5)
  A bullfrog skeleton (D:2)
  2 jellies
  5 orc wizards
  Jessica (D:3)
  Terence (D:3)
  2 iguanas (D:5)
  4 worker ants
  A hound skeleton (D:8)
  A howler monkey zombie (D:5)
  3 worker ant zombies
  Robin (D:2)
  A howler monkey skeleton (D:4)
  5 gnolls (D:6)
  9 adders
  2 shadow imps
  A white imp (D:6)
  2 ufetubi (D:6)
  9 oozes
  2 adder zombies
  7 worms
  4 dart slugs
  5 leopard geckos (Sewer)
  15 orcs
  4 bat skeletons (D:5)
  2 bat zombies (D:5)
  19 giant cockroaches
  13 goblins
  6 hobgoblins
  11 jackals
  5 quokkas
  12 ball pythons
  A ball python skeleton (D:6)
  7 bats
  18 frilled lizards
  11 kobolds
  10 rats
237 creatures vanquished.

Vanquished Creatures (others)
  A wizard (D:7)
1 creature vanquished.

Grand Total: 238 creatures vanquished

Notes
Turn   | Place    | Note
-------+----------+-------------------------------------------
     0 | D:1      | robertstho the Troll Berserker began the quest for the Orb.
     0 | D:1      | Reached XP level 1. HP: 22/22 MP: 0/0
   132 | D:1      | Reached XP level 2. HP: 29/29 MP: 1/1
   467 | D:1      | Reached XP level 3. HP: 36/36 MP: 2/2
   760 | D:2      | Reached ** piety under Trog
   763 | D:2      | Found a shimmering blue altar of Sif Muna.
   785 | D:2      | Found an iron altar of Okawaru.
   858 | D:2      | Reached skill level 1 in Armour
  1107 | D:2      | Reached XP level 4. HP: 44/44 MP: 3/3
  1183 | D:2      | Noticed Robin
  1213 | D:2      | Killed Robin
  1332 | D:2      | Reached XP level 5. HP: 53/53 MP: 4/4
  1565 | D:2      | Found a shadowy altar of Dithmenos.
  1565 | D:2      | Found a hazy altar of Hepliaklqana.
  1565 | D:2      | Found a hide-covered altar of Uskayaw.
  1600 | D:3      | Noticed Terence
  1604 | D:3      | Killed Terence
  1604 | D:3      | Reached skill level 4 in Unarmed Combat
  1649 | D:3      | Reached *** piety under Trog
  1700 | D:3      | Found a glowing drain.
  1738 | Sewer    | Entered a sewer
  1949 | Sewer    | Reached **** piety under Trog
  1949 | Sewer    | Reached XP level 6. HP: 61/61 MP: 5/5
  1989 | Sewer    | Reached skill level 5 in Unarmed Combat
  2102 | D:3      | Found a glowing silver altar of Zin.
  2104 | D:3      | Found a burning altar of Makhleb.
  2104 | D:3      | Found an opulent altar of Gozag.
  2106 | D:3      | Found a burning altar of Makhleb.
  2106 | D:3      | Found a broken altar of Ashenzari.
  2106 | D:3      | Found a shimmering altar of Xom.
  2210 | D:3      | Noticed Jessica
  2212 | D:3      | Killed Jessica
  2259 | D:3      | Found a sacrificial altar of Ru.
  2721 | D:4      | Reached XP level 7. HP: 67/67 MP: 6/6
  2742 | D:4      | Found a staircase to the Ecumenical Temple.
  3158 | D:5      | Entered Level 5 of the Dungeon
  3199 | D:5      | Reached skill level 6 in Unarmed Combat
  3215 | D:5      | Reached ***** piety under Trog
  3268 | D:5      | Reached XP level 8. HP: 73/78 MP: 7/7
  3371 | D:5      | Reached skill level 7 in Unarmed Combat
  3381 | D:5      | Reached skill level 5 in Dodging
  3456 | D:5      | Found an ancient bone altar of Kikubaaqudgha.
  3887 | D:6      | Reached skill level 8 in Unarmed Combat
  3898 | D:6      | Reached XP level 9. HP: 75/85 MP: 8/8
  3950 | D:6      | Found a radiant altar of Vehumet.
  4469 | D:7      | Found a runed translucent door.
  4470 | D:7      | Noticed Crazy Yiuf
  4580 | D:7      | Noticed Pikel
  4586 | D:7      | Killed Pikel
  4586 | D:7      | Reached skill level 1 in Stealth
  4586 | D:7      | Reached skill level 9 in Unarmed Combat
  4601 | D:7      | Found a broken altar of Ashenzari.
  4616 | D:7      | Found a bloodstained altar of Trog.
  4841 | D:7      | Noticed a wizard
  4845 | D:7      | Got a steaming mace
  4845 | D:7      | Killed a wizard
  4937 | D:7      | Killed Crazy Yiuf
  5215 | D:8      | Found a stormy altar of Qazlal.
  5298 | D:8      | Found an ornate altar of the Wu Jian Council.
  5335 | D:8      | Noticed a two-headed ogre
  5348 | D:8      | Demolished by a two-headed ogre

Illustrated notes

Levels and vault maps discovered:
D:1:      ncdulo_wetmaze, layout_basic
D:2:      layout_loops_corners, overflow_temple_1_default,
          gammafunk_temple_overflow_forgotten, kennysheep_okawaru_gauntlet,
          uniq_robin
D:3:      layout_basic, old_standard_altar, doesnt_xom_only_xom,
          portal_sewer_entry_c, uniq_jessica, uniq_terence
D:4:      minmay_wonky_spiral, layout_basic, minmay_temple_entry_junction_2,
          hangedman_abyss_or_decor_lesser_grid
D:5:      layout_rooms, kennysheep_vampire_church, minmay_tree_intersection
D:6:      layout_cave_pools, fiery_altar_vehumet, serial_glass, glass_columns_c,
          glass_columns_b
D:7:      layout_cave_pools, overflow_temple_1_default, trog_wizard, uniq_pikel,
          uniq_crazy_yiuf_cottage
D:8:      layout_cave_pools, lemuel_doored_altar, lair_entry_dummy, basic_altar

Skill      XL: |  1  2  3  4  5  6  7  8  9 |
---------------+----------------------------+-----
Armour         | 1 2 3 4 |  4.3
Dodging        | 3 4 5 6 |  6.8
Fighting       | 3 4 |  4.9
Unarmed Combat | 4 5 6 8 9 |  9.2
Stealth        | 1 |  1.1

Action                   |  1- 3 |  4- 6 |  7- 9 || total
-------------------------+-------+-------+-------++-------
Melee: Unarmed           |   107 |   261 |   298 ||   666
       Punch             |     2 |     5 |    14 ||    21
Invok: Berserk           |       |     2 |     3 ||     5
       Trog's Hand       |       |       |     1 ||     1
  Use: Scroll            |       |       |     6 ||     6
 Stab: Distracted        |       |       |     1 ||     1
Armor: Animal skin       |    39 |   112 |   107 ||   258
Dodge: Dodged            |    66 |   131 |   195 ||   392
Block: Kite shield       |       |       |    17 ||    17

Table legend: (Time is in decaauts)
 A = Elapsed time spent in this place.
 B = Non-inter-level travel time spent in this place.
 C = Inter-level travel time spent in this place.
 D = Time resting spent in this place.
 E = Time spent auto-exploring this place.
 F = Levels seen in this place.
 G = Mean time per level.
                   A        B        C        D        E       F      G
               +--------+--------+--------+--------+--------+-----+--------+
         Total |   5377 |   5153 |    224 |      0 |   3871 |   9 |  597.4 |
       Dungeon |   5025 |   4801 |    224 |      0 |   3746 |   8 |  628.1 |
         Sewer |    352 |    352 |      0 |      0 |    125 |   1 |  352.0 |
               +--------+--------+--------+--------+--------+-----+--------+

Top non-repeatable levels by time:
     D:2: 913 daAuts
     D:7: 782 daAuts
     D:3: 697 daAuts
     D:1: 687 daAuts
     D:6: 578 daAuts
     D:4: 557 daAuts
     D:5: 479 daAuts
   Sewer: 352 daAuts
     D:8: 328 daAuts
